[Event "EYCC Girls-U14 2019"]
[Site "Bratislava"]
[Date "2019.08.08"]
[Round "7.15"]
[White "Nadzamova, Viktoria"]
[Black "Otetea, Ioana"]
[Result "1-0"]
[ECO "C70"]
[WhiteElo "1901"]
[BlackElo "1775"]
[Annotator "NA"]
[PlyCount "127"]
[EventDate "2019.08.02"]
[EventType "swiss"]
[EventCountry "SVK"]
[SourceTitle "playchess.com"]
[Source "ChessBase"]
[SourceQuality "1"]
[TimeControl "40/5400+30:1800+30"]

1. e4 e5 2. Nf3 Nc6 3. Bb5 a6 4. Ba4 Nge7 5. O-O g6 6. c3 Bg7 7. d4 exd4 8. cxd4 b5 9. Bc2 d6 10. h3 O-O 11. Nc3 Bb7 12. Be3 Na5 13. Nd2 f5 14. f3 f4 15. Bf2 Nec6 16. Nb3 Nc4 17. Rb1 Rb8 18. a3 Ba8 19. Qd3 Qe7 20. Nd2 Nxd2 21. Qxd2 Kh8 22. Nd5 Qf7 23. b4 Nd8 24. Bb3 Bxd5 25. Bxd5 Qd7 26. Rbc1 c6 27. Bb3 Nb7 28. Rc2 d5 29. Rfc1 dxe4 30. fxe4 f3 31. Rxc6 fxg2 32. Kxg2 Qe7 33. Re6 Qf7 34. Qe3 Bh6 35. Qg3 Bxc1 36. Rc6 Qf4 37. Rxc1 Qxg3+ 38. Bxg3 Rbe8 39. Be5+ Rxe5 40. dxe5 Re8 41. e6 Nd6 42. Bd5 Kg7 43. Rc7+ Kf6 44. Rxh7 Rc8 45. Rd7 Ne8 46. Rf7+ Ke5 47. Rf8 Rc2+ 48. Rf2 Rc3 49. Rf3 Kd4 50. Rxc3 Kxc3 51. e7 Kb2 52. Bf7 Nc7 53. e8=Q Nxe8 54. Bxe8 Kxa3 55. Kf2 Kxb4 56. Ke2 a5 57. Kd2 Kc4 58. Bxg6 Kd4 59. h4 a4 60. Kc2 b4 61. h5 b3+ 62. Kb2 Kc4 63. Ka3 Kc3 64. e5 1-0

[Event "EYCC Girls-U14 2019"]
[Site "Bratislava"]
[Date "2019.08.08"]
[Round "7.16"]
[White "Obrochta, Lena"]
[Black "Johansson-Ohman, Linnea"]
[Result "1-0"]
[ECO "B13"]
[WhiteElo "1870"]
[BlackElo "1603"]
[Annotator "NA"]
[PlyCount "70"]
[EventDate "2019.08.02"]
[EventType "swiss"]
[EventCountry "SVK"]
[SourceTitle "playchess.com"]
[Source "ChessBase"]
[SourceQuality "1"]
[TimeControl "40/5400+30:1800+30"]

1. e4 c6 2. d4 d5 3. exd5 cxd5 4. Bd3 Nc6 5. c3 Nf6 6. Bf4 Bg4 7. Qb3 Na5 8. Qa4+ Bd7 9. Qc2 Qb6 10. Nf3 e6 11. O-O Be7 12. Nbd2 O-O 13. a4 Rac8 14. Ne5 h6 15. Bg3 Nc6 16. Qb1 Nxe5 17. dxe5 Nh5 18. a5 Qc7 19. f4 Nxg3 20. hxg3 Bc5+ 21. Kh1 a6 22. Nf3 Bb5 23. g4 g6 24. f5 Kg7 25. Bxb5 axb5 26. Qd3 f6 27. fxe6 fxe5 28. Qxd5 Rcd8 29. Qxe5+ Qxe5 30. Nxe5 Rd5 31. Nd7 Rxf1+ 32. Rxf1 Bd6 33. Re1 Bg3 34. e7 Bxe1 35. e8=Q Bh4 1-0

[Event "EYCC Girls-U14 2019"]
[Site "Bratislava"]
[Date "2019.08.08"]
[Round "7.17"]
[White "Kralj, Nika"]
[Black "Slusarczyk, Milena"]
[Result "0-1"]
[ECO "B90"]
[WhiteElo "1807"]
[BlackElo "1522"]
[Annotator "NA"]
[PlyCount "73"]
[EventDate "2019.08.02"]
[EventType "swiss"]
[EventCountry "SVK"]
[SourceTitle "playchess.com"]
[Source "ChessBase"]
[SourceQuality "1"]
[TimeControl "40/5400+30:1800+30"]

1. e4 c5 2. Nf3 d6 3. d4 cxd4 4. Nxd4 Nf6 5. Nc3 a6 6. h3 e5 7. Nde2 Be7 8. g4 Nc6 9. Be3 Be6 10. Ng3 d5 11. exd5 Nxd5 12. Nxd5 Qxd5 13. Qxd5 Bxd5 14. Rg1 Nb4 15. O-O-O Bxa2 16. Nf5 Rc8 17. Rd2 g6 18. Nxe7 Kxe7 19. Bg2 Rhd8 20. Rgd1 Rxd2 21. Rxd2 b5 22. Bb6 Ke8 23. Kd1 Be6 24. c3 Nc6 25. Rd6 Nd8 26. Ba5 f5 27. gxf5 gxf5 28. Rxa6 e4 29. Bf1 Rb8 30. Ke1 Bc4 31. Bb4 Kf7 32. Rd6 Ra8 33. Ba3 Rb8 34. Bxc4+ bxc4 35. Rd7+ Kg6 36. Rc7 Ne6 37. Kf1 0-1

[Event "EYCC Girls-U14 2019"]
[Site "Bratislava"]
[Date "2019.08.08"]
[Round "7.18"]
[White "Zabrzanska, Weronika"]
[Black "Alekseenko, Mariya"]
[Result "1-0"]
[ECO "B22"]
[WhiteElo "1770"]
[BlackElo "1848"]
[Annotator "NA"]
[PlyCount "193"]
[EventDate "2019.08.02"]
[EventType "swiss"]
[EventCountry "SVK"]
[SourceTitle "playchess.com"]
[Source "ChessBase"]
[SourceQuality "1"]
[TimeControl "40/5400+30:1800+30"]

1. e4 c5 2. c3 d5 3. exd5 Qxd5 4. d4 Nc6 5. Nf3 Bg4 6. Be2 cxd4 7. cxd4 e6 8. Nc3 Qa5 9. O-O Nf6 10. h3 Bh5 11. Be3 Be7 12. Qb3 Qb4 13. g4 Qxb3 14. axb3 Bg6 15. Ne5 O-O 16. Bf3 Rfc8 17. Rfc1 a6 18. Nxg6 hxg6 19. Na4 Nd7 20. Bxc6 Rxc6 21. Rxc6 bxc6 22. Rc1 Rc8 23. Kf1 g5 24. Ke2 f6 25. Bd2 Bd6 26. Ba5 Kf7 27. Nb6 Nxb6 28. Bxb6 Ke7 29. Rc3 Kd7 30. Bc5 Bf4 31. b4 Ra8 32. Kd3 Kc7 33. Kc4 Kb7 34. Rf3 Rh8 35. Rd3 Re8 36. Rd1 g6 37. Re1 f5 38. f3 Kc7 39. Ra1 Kb7 40. Re1 Bg3 41. Rg1 Bf4 42. Re1 Bc7 43. Rg1 Bh2 44. Rh1 Bg3 45. Rg1 Bf2 46. Rf1 Bg3 47. Rg1 Bf4 48. Re1 Kc7 49. Ra1 Ra8 50. Re1 Kd7 51. Ra1 Bh2 52. Rh1 Bg3 53. Rg1 Bf2 54. Rf1 Be3 55. Re1 Bd2 56. Rd1 Bf4 57. Ra1 Ke8 58. Re1 Kf7 59. Ra1 Bc7 60. Kc3 Kf6 61. Kc4 Bf4 62. Rh1 Bg3 63. Rg1 Bc7 64. Ra1 Bf4 65. Kc3 Bc7 66. Kc4 Bg3 67. Rg1 Bf4 68. Ra1 Bc7 69. Kc3 Rh8 70. Rh1 Rh4 71. Kd3 Rh7 72. Ke3 Bg3 73. Kd3 e5 74. Ke3 Ke6 75. dxe5 Bxe5 76. b3 Rd7 77. Ke2 Rh7 78. Be3 f4 79. Bc5 Rh8 80. Kd3 Rd8+ 81. Kc2 Rh8 82. Re1 Kf6 83. Rh1 Rd8 84. Rd1 Rh8 85. Rh1 Rh7 86. Kd3 Rh6 87. Kc2 Rh7 88. Kd3 Rd7+ 89. Kc2 Rh7 90. Kd3 Rh8 91. Kc2 Ra8 92. Re1 Re8 93. Bd4 Re6 94. Rxe5 Rxe5 95. Kd3 Ke6 96. Bxe5 Kxe5 97. Kc4 {[%emt 0:00:09] Kd5+} 1-0

[Event "EYCC Girls-U14 2019"]
[Site "Bratislava"]
[Date "2019.08.08"]
[Round "7.19"]
[White "Kasaeva, Sofiia"]
[Black "Batagan, Ilinca-Petra"]
[Result "1-0"]
[ECO "C65"]
[WhiteElo "1845"]
[BlackElo "1748"]
[Annotator "NA"]
[PlyCount "46"]
[EventDate "2019.08.02"]
[EventType "swiss"]
[EventCountry "SVK"]
[SourceTitle "playchess.com"]
[Source "ChessBase"]
[SourceQuality "1"]
[TimeControl "40/5400+30:1800+30"]

1. e4 e5 2. Nf3 Nc6 3. Bb5 Nf6 4. O-O Bc5 5. c3 O-O 6. d4 Bb6 7. Bg5 h6 8. Bh4 g5 9. Nxg5 Nxe4 10. Nf3 Ng5 11. Nbd2 exd4 12. Bd3 f5 13. cxd4 Nxd4 14. Nxd4 Bxd4 15. Qh5 Bg7 16. f4 Qf6 17. fxg5 Qd4+ 18. Rf2 Qxd3 19. gxh6 Bd4 20. Qg6+ Kh8 21. Nf3 Qc4 22. Nxd4 Qxd4 23. Be7 Re8 1-0

[Event "EYCC Girls-U14 2019"]
[Site "Bratislava"]
[Date "2019.08.08"]
[Round "7.20"]
[White "Mikhailina, Elena"]
[Black "Katter, Katharina"]
[Result "1/2-1/2"]
[ECO "C99"]
[WhiteElo "1689"]
[BlackElo "1844"]
[Annotator "NA"]
[PlyCount "109"]
[EventDate "2019.08.02"]
[EventType "swiss"]
[EventCountry "SVK"]
[SourceTitle "playchess.com"]
[Source "ChessBase"]
[SourceQuality "1"]
[TimeControl "40/5400+30:1800+30"]

1. e4 e5 2. Nf3 Nc6 3. Bb5 a6 4. Ba4 Nf6 5. O-O Be7 6. Re1 b5 7. Bb3 d6 8. c3 O-O 9. h3 Na5 10. Bc2 c5 11. d4 Qc7 12. Nbd2 cxd4 13. cxd4 Rd8 14. b3 Nc6 15. Bb2 Bb7 16. Rc1 Rac8 17. Bb1 Qb8 18. Qe2 Nh5 19. g3 Nf6 20. d5 Na7 21. Bd3 Rxc1 22. Rxc1 Rc8 23. Qd1 Nd7 24. Rc2 Nc5 25. Qe2 f5 26. exf5 Bxd5 27. Ne4 Nxd3 28. Qxd3 Qb7 29. Rxc8+ Nxc8 30. Nfd2 Nb6 31. Kh2 Nd7 32. Ba3 Nc5 33. Nxc5 dxc5 34. Qe3 Qc7 35. Nf3 Bd6 36. Ng5 c4 37. Qd2 Qc6 38. bxc4 bxc4 39. Bb4 h6 40. Bxd6 Qxd6 41. Ne4 Qc6 42. Nc3 Bh1 43. f4 exf4 44. gxf4 Bf3 45. Kg3 Be4 46. Qd8+ Kf7 47. f6 gxf6 48. Qh8 Qd6 49. Nxe4 Qd3+ 50. Kf2 Qxe4 51. Qxh6 Qc2+ 52. Ke1 Qc3+ 53. Kd1 Qd3+ 54. Kc1 Qa3+ 55. Kb1 1/2-1/2

[Event "EYCC Girls-U14 2019"]
[Site "Bratislava"]
[Date "2019.08.08"]
[Round "7.21"]
[White "Karavitaki, Evangelia"]
[Black "Lomaia, Diana"]
[Result "0-1"]
[ECO "B87"]
[WhiteElo "1710"]
[BlackElo "1813"]
[Annotator "NA"]
[PlyCount "149"]
[EventDate "2019.08.02"]
[EventType "swiss"]
[EventCountry "SVK"]
[SourceTitle "playchess.com"]
[Source "ChessBase"]
[SourceQuality "1"]
[TimeControl "40/5400+30:1800+30"]

1. e4 c5 2. Nf3 d6 3. d4 cxd4 4. Nxd4 Nf6 5. Nc3 a6 6. Bc4 e6 7. Bb3 b5 8. Qf3 Bb7 9. O-O Nbd7 10. Re1 Nc5 11. Bg5 Be7 12. a3 O-O 13. Re3 Qc7 14. Rae1 Nfxe4 15. Bxe7 Nxc3 16. Qg4 Qxe7 17. Rxc3 Qf6 18. Rg3 Rac8 19. Ba2 d5 20. c3 Ne4 21. Rf3 Qg6 22. Qh4 Qg5 23. Qxg5 Nxg5 24. Rfe3 Ne4 25. f3 Nd6 26. Kf2 Rc7 27. R3e2 a5 28. Bb1 Ba6 29. Bd3 Nc4 30. Ra1 e5 31. Nf5 f6 32. Bxc4 bxc4 33. Rd2 Rd8 34. Rad1 Bb7 35. Ne3 Rc5 36. Nc2 Kf7 37. Ke1 Ke6 38. Ne3 Bc6 39. Kf2 Rd7 40. Kf1 Rb5 41. Rf2 Rb3 42. Ke1 Bb5 43. Nf1 d4 44. cxd4 Rxd4 45. Rfd2 Rdd3 46. Ng3 f5 47. Rc2 Rxd1+ 48. Kxd1 Rd3+ 49. Ke1 g6 50. Ne2 g5 51. Nc3 Bc6 52. Kf2 h5 53. h3 e4 54. fxe4 fxe4 55. Kf1 Ke5 56. Rf2 e3 57. Re2 Kf4 58. Ke1 h4 59. Rc2 Ke5 60. Re2 Kd4 61. Nd1 Be8 62. Nc3 Bd7 63. Rc2 Bc6 64. Re2 Rd2 65. Rxd2+ exd2+ 66. Kxd2 Bxg2 67. Ne2+ Ke4 68. Ng1 Kf4 69. Ke2 Kg3 70. Ke3 Bxh3 71. Ne2+ Kg2 72. Nd4 Bg4 73. Nc2 h3 74. Ne1+ Kf1 75. Kd4 0-1

[Event "EYCC Girls-U14 2019"]
[Site "Bratislava"]
[Date "2019.08.08"]
[Round "7.22"]
[White "Blokhin, Sofia"]
[Black "Rubinshtein, Kamilla"]
[Result "1-0"]
[ECO "B32"]
[WhiteElo "1675"]
[BlackElo "1799"]
[Annotator "NA"]
[PlyCount "95"]
[EventDate "2019.08.02"]
[EventType "swiss"]
[EventCountry "SVK"]
[SourceTitle "playchess.com"]
[Source "ChessBase"]
[SourceQuality "1"]
[TimeControl "40/5400+30:1800+30"]

1. e4 c5 2. Nf3 Nc6 3. d4 cxd4 4. Nxd4 e5 5. Nb5 d6 6. N1c3 a6 7. Na3 b5 8. Nd5 Nce7 9. Bg5 Rb8 10. c4 f6 11. Be3 Nxd5 12. cxd5 f5 13. exf5 Bxf5 14. Be2 Qa5+ 15. Bd2 Qb6 16. O-O Nf6 17. Bg5 Be7 18. Rc1 Rc8 19. Bxf6 Rxc1 20. Qxc1 Bxf6 21. Nc2 O-O 22. Nb4 Rc8 23. Nc6 h6 24. Qd1 Bg5 25. Bg4 Rf8 26. Bxf5 Rxf5 27. Qg4 Rf7 28. Qe6 Qc7 29. g3 Qd7 30. Qxd7 Rxd7 31. h4 Bf6 32. Nb8 Rc7 33. Nc6 Kf7 34. b4 g5 35. hxg5 Bxg5 36. f4 exf4 37. gxf4 Bh4 38. Kg2 Kg6 39. Kf3 Rf7 40. Ke4 h5 41. Rg1+ Kh6 42. Rg2 Rf8 43. Nd4 Re8+ 44. Kf3 Rf8 45. Re2 Rf6 46. Ke4 Kg6 47. Rg2+ Kf7 48. Nf3 1-0

[Event "EYCC Girls-U14 2019"]
[Site "Bratislava"]
[Date "2019.08.08"]
[Round "7.23"]
[White "Shuqja, Klean"]
[Black "Mroz, Lena"]
[Result "0-1"]
[ECO "B32"]
[WhiteElo "1829"]
[BlackElo "1566"]
[Annotator "NA"]
[PlyCount "98"]
[EventDate "2019.08.02"]
[EventType "swiss"]
[EventCountry "SVK"]
[SourceTitle "playchess.com"]
[Source "ChessBase"]
[SourceQuality "1"]
[TimeControl "40/5400+30:1800+30"]

1. e4 c5 2. Nf3 Nc6 3. d4 cxd4 4. Nxd4 Qb6 5. Nb3 Nf6 6. Bd3 e6 7. O-O Be7 8. Nc3 O-O 9. Be3 Qc7 10. f4 d6 11. Qf3 a6 12. Rae1 Nb4 13. Qg3 Nxd3 14. cxd3 Re8 15. e5 Nd7 16. d4 Nb6 17. Rc1 Qd8 18. Ne4 Nd5 19. Bd2 b6 20. Kh1 f5 21. Nf2 Bb7 22. Nd3 a5 23. Na1 Ba6 24. Rfd1 Qd7 25. Bc3 Rac8 26. h4 Bc4 27. a3 Bb5 28. h5 Bf8 29. Kh2 Qf7 30. Qf3 Bc6 31. Qh3 Ba4 32. Rg1 Bb5 33. Rgd1 Bxd3 34. Qxd3 Qxh5+ 35. Qh3 Qxh3+ 36. gxh3 Nxf4 37. Nb3 dxe5 38. dxe5 Ne2 39. Rc2 Nxc3 40. bxc3 Bxa3 41. Nd4 Bc5 42. Rb2 Rcd8 43. Kg3 Rd5 44. Re1 Bxd4 45. cxd4 b5 46. Rc1 b4 47. Ra2 b3 48. Rb2 a4 49. Rc4 Ra8 0-1

[Event "EYCC Girls-U14 2019"]
[Site "Bratislava"]
[Date "2019.08.08"]
[Round "7.24"]
[White "Gasparyan, Milena"]
[Black "Ruseva, Eva"]
[Result "0-1"]
[ECO "C03"]
[WhiteElo "1660"]
[BlackElo "1796"]
[Annotator "NA"]
[PlyCount "95"]
[EventDate "2019.08.02"]
[EventType "swiss"]
[EventCountry "SVK"]
[SourceTitle "playchess.com"]
[Source "ChessBase"]
[SourceQuality "1"]
[TimeControl "40/5400+30:1800+30"]

1. e4 e6 2. d4 d5 3. Nd2 Be7 4. Ngf3 Nf6 5. e5 Nfd7 6. Bd3 c5 7. c3 Nc6 8. O-O g5 9. dxc5 Nxc5 10. Bb5 Nd7 11. c4 g4 12. cxd5 exd5 13. Ne1 Ndxe5 14. Qe2 Bd7 15. Nd3 Nxd3 16. Qxd3 Nb4 17. Qc3 O-O 18. Bxd7 Qxd7 19. Nb3 Rac8 20. Qg3 Nc2 21. Rb1 Bd6 22. Qh4 Qf5 23. Bh6 Rfd8 24. f3 g3 25. hxg3 Re8 26. g4 Qg6 27. Rbd1 d4 28. Kh1 Ne3 29. Nxd4 Nxd1 30. Rxd1 Be7 31. Qh2 Red8 32. Qf4 Rc4 33. b3 Rcxd4 34. Rxd4 Rxd4 35. Qxd4 Qxh6+ 36. Kg1 Qb6 37. Qxb6 axb6 38. Kf2 Kg7 39. Ke3 Bc5+ 40. Ke4 Kf6 41. f4 Ke6 42. g5 Bg1 43. g3 Kd6 44. Kf5 Bd4 45. Ke4 Kc5 46. a3 Bb2 47. Kf5 Kd5 48. a4 {[%emt 0:00:12] Ke5+} 0-1

[Event "EYCC Girls-U14 2019"]
[Site "Bratislava"]
[Date "2019.08.09"]
[Round "8.1"]
[White "Nur-Mukhametova, Alisa"]
[Black "Yakimova, Mariya"]
[Result "1/2-1/2"]
[ECO "E63"]
[WhiteElo "2126"]
[BlackElo "2250"]
[Annotator "NA"]
[PlyCount "89"]
[EventDate "2019.08.02"]
[EventType "swiss"]
[EventCountry "SVK"]
[SourceTitle "playchess.com"]
[Source "ChessBase"]
[SourceQuality "1"]
[TimeControl "40/5400+30:1800+30"]

1. Nf3 Nf6 2. g3 g6 3. Bg2 Bg7 4. O-O O-O 5. d4 d6 6. c4 Nc6 7. Nc3 a6 8. Bf4 Rb8 9. Rc1 Nh5 10. Be3 Bd7 11. b3 e5 12. dxe5 dxe5 13. Bg5 Qe8 14. e4 f6 15. Be3 Rd8 16. Nd5 Be6 17. Qc2 Rf7 18. a3 Rfd7 19. h3 Qf8 20. b4 g5 21. Qe2 Qe8 22. Nh2 Nd4 23. Bxd4 exd4 24. Bf3 Bf7 25. Bg4 c6 26. Bxd7 Rxd7 27. Nb6 Re7 28. Qg4 Be6 29. Qf3 Bxh3 30. Rfe1 f5 31. e5 Bxe5 32. Nc8 Re6 33. c5 Nf6 34. Nd6 Bxd6 35. Rxe6 Qxe6 36. cxd6 Qxd6 37. Qb3+ Kg7 38. Nf3 h6 39. Rd1 Bg4 40. Rxd4 Nd5 41. Rd2 Qf6 42. Kg2 f4 43. Qb2 Nc3 44. Rd3 Nd5 45. Qxf6+ 1/2-1/2

[Event "EYCC Girls-U14 2019"]
[Site "Bratislava"]
[Date "2019.08.09"]
[Round "8.2"]
[White "Hrebenshchykova, Yelyzaveta"]
[Black "Allahverdiyeva, Ayan"]
[Result "1/2-1/2"]
[ECO "A06"]
[WhiteElo "1955"]
[BlackElo "2114"]
[Annotator "NA"]
[PlyCount "108"]
[EventDate "2019.08.02"]
[EventType "swiss"]
[EventCountry "SVK"]
[SourceTitle "playchess.com"]
[Source "ChessBase"]
[SourceQuality "1"]
[TimeControl "40/5400+30:1800+30"]

1. Nf3 d5 2. e3 Nf6 3. c4 c6 4. b3 e6 5. Bb2 Nbd7 6. Be2 Bd6 7. O-O e5 8. d3 O-O 9. c5 Bc7 10. b4 e4 11. dxe4 dxe4 12. Nd4 Nd5 13. a3 Ne5 14. Nc3 Nxc3 15. Bxc3 Qh4 16. g3 Qh3 17. Qc2 Ng4 18. Bxg4 Qxg4 19. b5 Qg6 20. f4 Bh3 21. Rfb1 Bd8 22. bxc6 bxc6 23. Qa4 Bf6 24. Rb7 Qh5 25. Qd1 Qxc5 26. Bb4 Qd5 27. Bxf8 Rxf8 28. Rab1 c5 29. Nc2 Qd3 30. R7b3 Qc4 31. Rb8 g6 32. Rxf8+ Kxf8 33. Kf2 Bg4 34. Rb8+ Kg7 35. Qxg4 Qxc2+ 36. Qe2 Qc1 37. Rc8 Qh1 38. Rxc5 Qxh2+ 39. Ke1 Qxg3+ 40. Kd2 Bb2 41. Rc7 Bxa3 42. Rxa7 Bb4+ 43. Kc2 Bc5 44. Rxf7+ Kxf7 45. Qc4+ Kg7 46. Qxc5 Kh6 47. Kc3 Qg4 48. Kd4 Qf5 49. Qe7 Kh5 50. Qxh7+ Kg4 51. Qh2 Qd7+ 52. Kxe4 Qe6+ 53. Kd4 Qd6+ 54. Ke4 Qe6+ 1/2-1/2

[Event "EYCC Girls-U14 2019"]
[Site "Bratislava"]
[Date "2019.08.09"]
[Round "8.3"]
[White "Roebers, Eline"]
[Black "Kirchei, Viktoriia"]
[Result "0-1"]
[ECO "B90"]
[WhiteElo "2069"]
[BlackElo "2006"]
[Annotator "NA"]
[PlyCount "116"]
[EventDate "2019.08.02"]
[EventType "swiss"]
[EventCountry "SVK"]
[SourceTitle "playchess.com"]
[Source "ChessBase"]
[SourceQuality "1"]
[TimeControl "40/5400+30:1800+30"]

1. e4 c5 2. Nf3 d6 3. d4 cxd4 4. Nxd4 Nf6 5. Nc3 a6 6. h3 e5 7. Nb3 h5 8. Be3 Be7 9. Qd2 Be6 10. g3 Nbd7 11. f4 b5 12. Bg2 Rc8 13. O-O Qc7 14. f5 Bc4 15. Rf2 b4 16. Nd1 Nc5 17. Nxc5 dxc5 18. b3 Bb5 19. Bg5 c4 20. c3 cxb3 21. cxb4 Qc4 22. Qb2 Qxb4 23. Bd2 Qd6 24. axb3 O-O 25. Bc3 Nd7 26. Rd2 Qb6+ 27. Kh2 h4 28. g4 Bg5 29. Rf2 Nc5 30. Bxe5 Nd3 31. Qd4 Qxd4 32. Bxd4 Nxf2 33. Nxf2 Rfd8 34. Rd1 Rc2 35. Be3 Rxd1 36. Nxd1 Bxe3 37. Nxe3 Rc3 38. Nd5 Rxb3 39. e5 Rb2 40. Kg1 Rxg2+ 41. Kxg2 Bc6 42. Kf2 Bxd5 43. g5 a5 44. Ke3 a4 45. Kd4 a3 46. Kc3 Bg2 47. Kb3 Bxh3 48. Kxa3 Bxf5 49. Kb3 h3 50. Kc3 h2 51. Kd2 h1=Q 52. g6 Qd5+ 53. Ke3 Qxe5+ 54. Kf2 Bxg6 55. Kf1 Qb2 56. Kg1 Qe2 57. Kh1 Be4+ 58. Kg1 Qg2# 0-1

[Event "EYCC Girls-U14 2019"]
[Site "Bratislava"]
[Date "2019.08.09"]
[Round "8.4"]
[White "Zeliantsova, Kseniya"]
[Black "Bashylina, Luisa"]
[Result "1-0"]
[ECO "B28"]
[WhiteElo "1907"]
[BlackElo "1989"]
[Annotator "NA"]
[PlyCount "65"]
[EventDate "2019.08.02"]
[EventType "swiss"]
[EventCountry "SVK"]
[SourceTitle "playchess.com"]
[Source "ChessBase"]
[SourceQuality "1"]
[TimeControl "40/5400+30:1800+30"]

1. e4 c5 2. Nf3 a6 3. c4 Nc6 4. d4 cxd4 5. Nxd4 e5 6. Nxc6 bxc6 7. Nc3 Nf6 8. Bg5 Be7 9. Bd3 Rb8 10. Rb1 O-O 11. O-O d6 12. Qd2 h6 13. Bh4 Bb7 14. Rbd1 Qc7 15. Bc2 Rfd8 16. Qe2 Bc8 17. b3 Qa5 18. Rd3 Kh7 19. f4 exf4 20. e5 g6 21. Bxf6 Bxf6 22. exf6 Bf5 23. Ne4 d5 24. Ng5+ hxg5 25. Rh3+ Bxh3 26. Qh5+ Kg8 27. Bxg6 Qc5+ 28. Kh1 Bxg2+ 29. Kxg2 f3+ 30. Kh1 fxg6 31. Qxg6+ Kf8 32. Qg7+ Ke8 33. Re1+ 1-0

[Event "EYCC Girls-U14 2019"]
[Site "Bratislava"]
[Date "2019.08.09"]
[Round "8.5"]
[White "Hakobyan, Astghik"]
[Black "Mihelic, Vesna"]
[Result "1-0"]
[ECO "C91"]
[WhiteElo "1863"]
[BlackElo "1844"]
[Annotator "NA"]
[PlyCount "129"]
[EventDate "2019.08.02"]
[EventType "swiss"]
[EventCountry "SVK"]
[SourceTitle "playchess.com"]
[Source "ChessBase"]
[SourceQuality "1"]
[TimeControl "40/5400+30:1800+30"]

1. e4 e5 2. Nf3 Nc6 3. Bb5 a6 4. Ba4 Nf6 5. O-O Be7 6. Re1 b5 7. Bb3 d6 8. c3 O-O 9. d4 Bg4 10. d5 Na5 11. Bc2 c5 12. Nbd2 Ne8 13. h3 Bd7 14. Nf1 Nc7 15. Ng3 g6 16. b3 Bf6 17. Bh6 Bg7 18. Qd2 Nb7 19. Nh2 Ne8 20. Rf1 Bxh6 21. Qxh6 Qf6 22. Qe3 Qf4 23. Qe1 f5 24. exf5 gxf5 25. Ne2 Qh6 26. c4 Kh8 27. f4 e4 28. Kh1 Rg8 29. Rg1 Nf6 30. Qc3 b4 31. Qe3 Rg7 32. a3 Rag8 33. axb4 Nh5 34. Nf1 Nf6 35. Nh2 Nh5 36. bxc5 dxc5 37. Qf2 Rg3 38. Nf1 R3g4 39. Ne3 Ng3+ 40. Nxg3 Rxg3 41. Kh2 Qh4 42. Rgf1 a5 43. Ra2 Bc8 44. Bd1 Bd7 45. Rg1 Qf6 46. Qxg3 Rxg3 47. Kxg3 Qd4 48. Re1 Qc3 49. Kf2 Qf6 50. g3 Be8 51. Be2 Bg6 52. Rd1 Qb6 53. Rb1 Nd6 54. g4 Qd8 55. g5 Nb7 56. h4 Qc7 57. Kg3 Qd7 58. h5 Bf7 59. Nxf5 Bxd5 60. Rd1 Qxf5 61. Rxd5 Qf7 62. Rad2 Qe6 63. Re5 Qc6 64. Rdd5 Qb6 65. Re8+ 1-0

[Event "EYCC Girls-U14 2019"]
[Site "Bratislava"]
[Date "2019.08.09"]
[Round "8.6"]
[White "Tsotsonava, Elene"]
[Black "Sovina, Maria"]
[Result "1-0"]
[ECO "B33"]
[WhiteElo "1878"]
[BlackElo "1757"]
[Annotator "NA"]
[PlyCount "67"]
[EventDate "2019.08.02"]
[EventType "swiss"]
[EventCountry "SVK"]
[SourceTitle "playchess.com"]
[Source "ChessBase"]
[SourceQuality "1"]
[TimeControl "40/5400+30:1800+30"]

1. e4 c5 2. Nf3 Nc6 3. d4 cxd4 4. Nxd4 Nf6 5. Nc3 e5 6. Ndb5 d6 7. Bg5 a6 8. Na3 b5 9. Nd5 Be7 10. Bxf6 Bxf6 11. c3 Bg5 12. Nc2 O-O 13. a4 bxa4 14. Rxa4 a5 15. Bc4 Rb8 16. b3 Kh8 17. Nce3 Be6 18. h4 Bxe3 19. Nxe3 Qb6 20. O-O Bxc4 21. Rxc4 Ne7 22. Qd3 Ng6 23. g3 Qxb3 24. h5 Ne7 25. Qxd6 Rfe8 26. h6 f6 27. hxg7+ Kxg7 28. Rc7 Rb7 29. Nd5 Rxc7 30. Qxf6+ Kg8 31. Nxc7 Rf8 32. Qxe7 a4 33. Ne6 Rf7 34. Qe8+ 1-0

[Event "EYCC Girls-U14 2019"]
[Site "Bratislava"]
[Date "2019.08.09"]
[Round "8.7"]
[White "Tarasenka, Aliaksandra"]
[Black "Obrochta, Lena"]
[Result "1-0"]
[ECO "B41"]
[WhiteElo "2231"]
[BlackElo "1598"]
[Annotator "NA"]
[PlyCount "55"]
[EventDate "2019.08.02"]
[EventType "swiss"]
[EventCountry "SVK"]
[SourceTitle "playchess.com"]
[Source "ChessBase"]
[SourceQuality "1"]
[TimeControl "40/5400+30:1800+30"]

1. e4 c5 2. Nf3 e6 3. d4 cxd4 4. Nxd4 a6 5. Qf3 Qc7 6. Nc3 Nf6 7. Be3 Be7 8. O-O-O O-O 9. g4 d6 10. h4 Nc6 11. g5 Nd7 12. h5 Nc5 13. Qg3 b5 14. Ndxb5 axb5 15. Bxc5 b4 16. Bxd6 Bxd6 17. Qxd6 Qb6 18. Nb1 Rxa2 19. Bc4 Ra1 20. g6 Rd8 21. Qxc6 Qa5 22. Qb5 Qc7 23. Qe5 Qb6 24. h6 f6 25. Bxe6+ Kf8 26. Rxd8+ Qxd8 27. Qc5+ Ke8 28. Bf7+ 1-0

[Event "EYCC Girls-U14 2019"]
[Site "Bratislava"]
[Date "2019.08.09"]
[Round "8.8"]
[White "Kasaeva, Sofiia"]
[Black "Bondareva, Daria"]
[Result "1/2-1/2"]
[ECO "C41"]
[WhiteElo "1897"]
[BlackElo "1998"]
[Annotator "NA"]
[PlyCount "93"]
[EventDate "2019.08.02"]
[EventType "swiss"]
[EventCountry "SVK"]
[SourceTitle "playchess.com"]
[Source "ChessBase"]
[SourceQuality "1"]
[TimeControl "40/5400+30:1800+30"]

1. e4 e5 2. Nf3 Nf6 3. d4 d6 4. Nc3 exd4 5. Nxd4 Be7 6. Bf4 O-O 7. Qd2 Nc6 8. O-O-O Nxd4 9. Qxd4 Be6 10. Kb1 Nd7 11. Nd5 Bxd5 12. exd5 Bf6 13. Qd2 Nc5 14. Be3 a6 15. g4 Re8 16. f4 Qe7 17. Re1 Ne4 18. Qc1 Nc3+ 19. bxc3 Bxc3 20. Bd3 Bxe1 21. Rxe1 c5 22. g5 b5 23. c3 Qb7 24. Qc2 g6 25. f5 c4 26. fxg6 hxg6 27. Be4 b4 28. Bd4 Rab8 29. Ka1 b3 30. axb3 Qxb3 31. Rb1 Qa3+ 32. Qa2 Qxa2+ 33. Kxa2 Rb5 34. Rxb5 axb5 35. Bf3 Ra8+ 36. Kb2 Kf8 37. Bf6 Ke8 38. Bg4 Ra5 39. Bf3 Kd7 40. h4 Ke8 41. Bd4 Ra6 42. Bg4 Ra8 43. Bf6 Ra5 44. Bf3 Ra8 45. Bg4 Ra5 46. Bc8 b4 47. Bg4 1/2-1/2

[Event "EYCC Girls-U14 2019"]
[Site "Bratislava"]
[Date "2019.08.09"]
[Round "8.9"]
[White "Mironenko, Galina"]
[Black "Cornileau, Juliette"]
[Result "1-0"]
[ECO "D30"]
[WhiteElo "1995"]
[BlackElo "1805"]
[Annotator "NA"]
[PlyCount "57"]
[EventDate "2019.08.02"]
[EventType "swiss"]
[EventCountry "SVK"]
[SourceTitle "playchess.com"]
[Source "ChessBase"]
[SourceQuality "1"]
[TimeControl "40/5400+30:1800+30"]

1. d4 d5 2. c4 e6 3. Nf3 c6 4. Qc2 Bd6 5. Bg5 Be7 6. Bxe7 Qxe7 7. e3 Nf6 8. Bd3 O-O 9. O-O Nbd7 10. Nc3 h6 11. Rfe1 dxc4 12. Bxc4 b5 13. Be2 a6 14. e4 c5 15. d5 exd5 16. exd5 Qd8 17. Rad1 Bb7 18. Qf5 Nb6 19. Bd3 Bc8 20. Qf4 b4 21. Ne4 Nfxd5 22. Qg3 c4 23. Bxc4 Nxc4 24. Rxd5 Qb6 25. b3 Na3 26. Rd6 Qb8 27. Nf6+ Kh8 28. Nh5 Rg8 29. Re8 1-0